 Dungeon Crawl Stone Soup version 0.19.3-4-gbf9329e (webtiles) character file.

58 Alarkh the Chopper (level 3, -4/29 HPs)
             Began as a Demonspawn Chaos Knight on Jan 28, 2017.
             Slain by Robin
             ... wielding a +0 spear
              (5 damage)
             ... on level 3 of the Dungeon.
             The game lasted 00:01:25 (1449 turns).

Alarkh the Chopper (Demonspawn Chaos Knight)        Turns: 1449, Time: 00:01:26

Health: -4/29      AC:  7    Str:  9    XL:     3   Next: 75%
Magic:  3/3        EV: 11    Int: 14    God:    Xom [..*...]
Gold:   122        SH:  0    Dex: 12    Spells: 0 memorised, 2 levels left

rFire  . . .     SeeInvis .     a - +0 hand axe (chaos)
rCold  . . .     Gourm    .     b - +2 leather armour
rNeg   . . .     Faith    .     (no shield)
rPois  .         Spirit   .     (no helmet)
rElec  .         Reflect  .     (no cloak)
rCorr  .         Harm     .     (no gloves)
MR     .....                    (no boots)
Stlth  +.........               (no amulet)
                                (no ring)
                                k - -3 ring of strength (curse)

@: no status effects
A: thin metallic scales 1, demonic guardian 1
a: Renounce Religion


You were on level 3 of the Dungeon.
You worshipped Xom.
You were a toy of Xom.
You were not hungry.

You visited 1 branch of the dungeon, and saw 3 of its levels.

You collected 122 gold pieces.

Inventory:

Hand Weapons
 a - a +0 hand axe of chaos (weapon)
Armour
 b - a +2 leather armour (worn)
Jewellery
 k - a cursed -3 ring of strength (left hand)
Scrolls
 d - a scroll of enchant armour {unknown}
 e - a scroll of teleportation {unknown}
 f - a scroll of fog {unknown}
 g - 3 scrolls of identify {unknown}
 j - 2 scrolls of remove curse {unknown}
Potions
 h - a potion of flight {unknown}
Comestibles
 c - a bread ration
 i - 2 beef jerkies


   Skills:
 - Level 3.0 Fighting
 + Level 4.3 Axes
 - Level 1.7 Armour
 - Level 0.8 Dodging


You had 2 spell levels left.
You didn't know any spells.

Dungeon Overview and Level Annotations

Branches:
Dungeon (3/15)

Altars:
Xom

Annotations:
D:3 Robin


Innate Abilities, Weirdness & Mutations

You are partially covered in thin metallic scales. (AC +2)
A weak demonic guardian rushes to your aid.


Message History

Gang up on whom?
Press: ? - help, Dir - move target cursor, f - Robin
Aim: Robin, wielding a spear, wearing an animal skin and wearing a helmet (unusually agile) Attack!
Your ufetubus barely misses Robin.
Your ufetubus closely misses Robin.
Robin barely misses you.
Your ufetubus hits Robin. x2
Your ufetubus hits Robin.
Your ufetubus hits Robin but does no damage.
Robin hits your ufetubus with a spear.
Your ufetubus closely misses Robin.
Your ufetubus barely misses Robin.
Robin hits your ufetubus with a spear.
Your ufetubus barely misses Robin. x2
Your ufetubus barely misses Robin.
Your ufetubus hits Robin. Robin hits your ufetubus with a spear.
Your ufetubus dies!
Robin laughs in a distinctly smug fashion.
Robin hits you with a spear.
* * * LOW HITPOINT WARNING * * *
You hit Robin but do no damage.
Robin is severely wounded.
Robin hits you with a spear.
You die...

#. ... . ##.## ..
### .....# ...
..###. #..# ....
#.... #..# .<...
#.#.# #..###......
#.#.####(?(.)......
#.@.(((..)###......
###g####).###......
#....†..........#
###.###..###.....
#.# #..# .# ..#
#..# # #..# #..#
#..# ##.# #... ..


You could see Robin.

Vanquished Creatures
  An ooze (D:1)
  A worm (D:2)
  3 leopard geckos (D:1)
  2 giant cockroaches
  8 goblins
  9 hobgoblins
  2 ball pythons
  3 bats
  2 frilled lizards
  5 kobolds
36 creatures vanquished.

Vanquished Creatures (collateral kills)
  4 goblins (D:3)
  2 hobgoblins (D:3)
  A ball python (D:3)
7 creatures vanquished.

Grand Total: 43 creatures vanquished

Notes
Turn   | Place    | Note
-------+----------+-------------------------------------------
     0 | D:1      | Alarkh the Demonspawn Chaos Knight began the quest for the Orb.
     0 | D:1      | Reached XP level 1. HP: 18/18 MP: 1/1
    87 | D:1      | Reached skill level 3 in Axes
    91 | D:1      | XOM is BORED!
    91 | D:1      | XOM: harmless Necr miscast
   127 | D:1      | Gained mutation: A weak demonic guardian rushes to your aid. [demonic ancestry]
   127 | D:1      | Reached XP level 2. HP: 24/24 MP: 2/2
   180 | D:1      | Found a shimmering altar of Xom.
   491 | D:1      | XOM: confuse monster(s)
   582 | D:2      | Gained mutation: You are partially covered in thin metallic scales. (AC +2) [demonic ancestry]
   582 | D:2      | Reached XP level 3. HP: 29/29 MP: 3/3
   641 | D:2      | Found a faded altar of an unknown god.
   985 | D:2      | XOM: mild Air miscast
  1367 | D:2      | Reached skill level 4 in Axes
  1406 | D:3      | Noticed Robin
  1448 | D:3      | HP: 1/29 [Robin/spear (4)]
  1449 | D:3      | Slain by Robin

Skill      XL: |  1  2  3 |
---------------+----------+-----
Axes           | 3 4 |  4.3
Fighting       | |  3.0
Armour         | |  1.7
Dodging        | |  0.8

Action                   || total
-------------------------++-------
Melee: Hand axe          ||    91
 Stab: Confused          ||     1
       Petrified         ||     2
  Eat: Chunk             ||     2
Armor: Leather armour    ||    49
Dodge: Dodged            ||    59
